 Dungeon Crawl Stone Soup version 0.27.0-1-g7a089689b8 (webtiles) character file.

Game seed: 1093458000625347703

61 Sin92 the Skirmisher (level 3, 0/29 HPs)
             Began as a Demonspawn Fighter on Aug 5, 2021.
             Slain by a goblin (3 damage)
             ... led by Robin
             ... on level 2 of the Dungeon.
             The game lasted 00:01:12 (1033 turns).

Sin92 the Skirmisher (Demonspawn Fighter)           Turns: 1033, Time: 00:01:12

Health: 0/29       AC:  8    Str: 16    XL:     3   Next: 83%
Magic:  3/3        EV:  7    Int:  9    God:
Gold:   39         SH:  9    Dex: 13    Spells: 2/2 levels left

rFire    . . .     SeeInvis .   a - +0 long sword
rCold    . . .     Faith    .   c - +0 kite shield
rNeg     . . .     Spirit   .   b - +0 scale mail
rPois    .         Reflect  .   (no helmet)
rElec    .         Harm     .   (no cloak)
rCorr    .         Rampage  .   (no gloves)
Will     .....                  (no boots)
Stlth    ..........             (no amulet)
HPRegen  0.09/turn              (no ring)
MPRegen  0.08/turn              (no ring)

@: mighty
A: icy blue scales 1, powered by pain 1
a: no special abilities


You were on level 2 of the Dungeon.
You visited 1 branch of the dungeon, and saw 2 of its levels.

You collected 39 gold pieces.

Inventory:

Hand Weapons
 a - a +0 long sword (weapon)
Armour
 b - a +0 scale mail (worn)
 c - a +0 kite shield (worn)
Scrolls
 e - a scroll of summoning {unknown}
 f - a scroll of amnesia {unknown}
 g - a scroll of identify {unknown}


   Skills:
 + Level 3.3 Fighting
 * Level 2.6 Long Blades
 + Level 3.0 Armour
 + Level 1.1 Dodging
 + Level 3.0 Shields


You had 2 spell levels left.
You didn't know any spells.
Your spell library was empty.

Dungeon Overview and Level Annotations

Branches:
Dungeon (1/15)

Altars:

Annotations:
D:2 Robin


Innate Abilities, Weirdness & Mutations

You are partially covered in icy blue scales. (AC +2)
You sometimes gain a little power by taking damage.


Message History

You are too injured to fight recklessly!
There are monsters nearby!
Unknown command.
You are too injured to fight recklessly!
You hit the goblin.
The goblin is moderately wounded.
The jackal bites you but does no damage.
The goblin hits you but does no damage. The jackal barely misses you.
You block the goblin's attack. The goblin hits you but does no damage.
The jackal bites you.
You miss the goblin.
The goblin is moderately wounded.
The goblin no longer looks unusually strong.
You block the goblin's attack. The jackal barely misses you.
You riposte.
You slash the jackal!
You kill the jackal!
The goblin hits you with a +0 club.
* * * LOW HITPOINT WARNING * * *
You block the goblin's attack.
You feel very mighty all of a sudden.
The hobgoblin no longer looks unusually strong.
The goblin no longer looks unusually strong.
The goblin hits you with a +0 club.
* * * LOW HITPOINT WARNING * * *
You block the goblin's attack. The goblin hits you but does no damage.
Unknown command.
You slice the goblin!!
You kill the goblin!
The goblin no longer looks unusually strong.
You block the goblin's attack. The goblin hits you with a +0 club.
* * * LOW HITPOINT WARNING * * *
You block the goblin's attack. x2; Robin throws the goblin at you!
You slash the goblin!
You kill the goblin!
The goblin no longer looks unusually strong. x2
The goblin hits you but does no damage. x2; Robin throws the goblin at you!
* * * LOW HITPOINT WARNING * * *
You closely miss the goblin. You block the goblin's attack. x2
The goblin hits you with a +0 club.
You die...

.............### #. ...
##......#....###### ...
#................. ..<.
#....(.............
.....##.................
.....#.......###........
....g.g#######
#รท....... .....ggg#
#........
#@########........
#.g............###
##############.... #####


You could see Robin, a hobgoblin and 4 goblins.

Vanquished Creatures
  2 adders (D:2)
  A worm (D:2)
  A dart slug (D:2)
  An endoplasm (D:2)
  A giant cockroach (D:2)
  10 goblins (D:2)
  3 hobgoblins (D:2)
  3 jackals (D:2)
  3 kobolds (D:2)
  2 quokkas (D:2)
  4 ball pythons (D:2)
  4 rats (D:2)
35 creatures vanquished.

Notes
Turn   | Place    | Note
-------+----------+-------------------------------------------
     0 | D:1      | Sin92 the Demonspawn Fighter began the quest for the Orb.
     0 | D:1      | Reached XP level 1. HP: 18/18 MP: 1/1
    36 | D:1      | You fall into a shaft and drop 1 floor!
    61 | D:2      | Gained mutation: You sometimes gain a little power by
                  | taking damage. [demonic ancestry]
    61 | D:2      | Reached XP level 2. HP: 10/24 MP: 2/2
   468 | D:2      | Gained mutation: You are partially covered in icy blue
                  | scales. (AC +2) [demonic ancestry]
   468 | D:2      | Reached XP level 3. HP: 11/29 MP: 3/3
   849 | D:2      | Reached skill level 1 in Dodging
  1018 | D:2      | Noticed Robin
  1033 | D:2      | Slain by a goblin

Illustrated notes

Levels and vault maps discovered:
D:1:      dpeg_cavernosity, layout_loops_corners, ebering_ecumenical_altar_box,
          hangedman_decor_points
D:2:      layout_rooms, uniq_robin

Skill      XL: |  1  2  3 |
---------------+----------+-----
Long Blades    | 2 |  2.6
Dodging        | 1 |  1.1
Armour         | 3 |  3.0
Shields        | 3 |  3.0
Fighting       | |  3.3

Action                   || total
-------------------------++-------
Melee: Long sword        ||    96
  Use: Potion            ||     1
Armor: Scale mail        ||    65
Dodge: Dodged            ||    40
Block: Kite shield       ||    71
       Rpst.: Long sword ||    13
